 Dungeon Crawl Stone Soup version 0.28-a0-664-gc179e30c89 (webtiles) character file.

Game seed: 7275093375264587384

73607 kae the Brawler (level 15, -1/134 HPs)
             Began as a Red Draconian Transmuter on Oct 15, 2021.
             Was a Follower of Ru.
             Slain by Rupert (35 damage)
             ... on level 12 of the Dungeon.
             The game lasted 00:23:24 (21248 turns).

kae the Brawler (Red Draconian Transmuter)         Turns: 21248, Time: 00:23:25

Health: -1/134     AC: 16    Str: 13    XL:     15   Next: 4%
Magic:  15/19      EV: 16    Int: 19    God:    Ru [*.....]
Gold:   1760       SH:  0    Dex: 16    Spells: 0/19 levels left

rFire   + . .      SeeInvis +     - Unarmed
rCold   . . .      Faith    .   (shield currently unavailable)
rNeg    . . .      Spirit   .   (armour unavailable)
rPois   .          Reflect  .   S - +1 hat {SInv}
rElec   .          Harm     .   g - +1 cloak
rCorr   .          Rampage  .   (gloves currently unavailable)
Will    +....                   (no boots)
Stlth   ..........              q - amulet of regeneration
HPRegen 1.32/turn               f - +4 ring of protection
MPRegen 0.16/turn               i - +6 ring of dexterity

@: blade hands
A: breathe fire, AC +9, unfitting armour, clumsy 1, fire resistance 1,
cold-blooded, no stealth
a: Breathe Fire, End Transformation, Renounce Religion


You were on level 12 of the Dungeon.
You worshipped Ru.
Ru was aware of your devotion.
You had blades for hands.
You visited 3 branches of the dungeon, and saw 19 of its levels.
You also visited: Ice Cave.

You collected 1850 gold pieces.
You spent 90 gold pieces at shops.

Inventory:

Missiles
 n - a throwing net
Armour
 e - a +2 pair of gloves (melded)
 g - a +1 cloak (worn)
 S - a +1 hat of see invisible (worn)
Jewellery
 f - a +4 ring of protection (left blade hand)
 i - a +6 ring of dexterity (right blade hand)
 j - a ring of willpower
 k - a ring of protection from cold
 q - an amulet of regeneration (around neck)
 s - a ring of flight
 u - a ring of ice
 E - an amulet of magic regeneration
 F - a ring of protection from cold
 H - a ring of positive energy
 K - a ring of poison resistance
 M - a ring of wizardry
 U - the amulet "Fotoced" {RegenMP Will+ Slay+3}
   (You found it on level 12 of the Dungeon)

   [amulet of magic regeneration]

   It increases your rate of magic regeneration.
   Slay:      It affects your accuracy & damage with ranged weapons and melee
   (+3).
   Will:      It increases your willpower.
Wands
 w - a wand of paralysis (7)
 x - a wand of flame (25)
 C - a wand of acid (42)
 G - a wand of iceblast (11)
 I - a wand of mindburst (14)
 L - a wand of charming (11)
 V - a wand of polymorph (9)
Scrolls
 o - 7 scrolls of teleportation
 t - 3 scrolls of vulnerability
 y - 4 scrolls of amnesia
 J - a scroll of summoning
 N - 5 scrolls of magic mapping
 O - a scroll of fear
 P - 2 scrolls of enchant armour
 Q - 2 scrolls of brand weapon
 R - 4 scrolls of identify
 T - a scroll of enchant weapon
Potions
 a - 2 potions of magic
 b - 3 potions of mutation
 c - 10 potions of curing
 d - 3 potions of might
 h - 7 potions of lignification
 l - 4 potions of attraction
 m - a potion of berserk rage
 p - 3 potions of resistance
 r - 5 potions of heal wounds
 v - 4 potions of invisibility
 z - 4 potions of haste
 A - 8 potions of degeneration
 B - a potion of ambrosia
 D - a potion of cancellation


   Skills:
 + Level 12.4 Fighting
 + Level 7.9 Dodging
 * Level 16.2 Unarmed Combat
 + Level 2.8 Spellcasting
 * Level 16.0 Transmutations
 - Level 4.0 Ice Magic
 - Level 2.0 Poison Magic


You couldn't memorise any spells.
You knew the following spells:

 Your Spells              Type           Power      Damage    Failure   Level
a - Beastly Appendage     Tmut           100%       N/A       4%          1
b - Spider Form           Tmut/Pois      18%        N/A       16%         3
c - Ice Form              Ice/Tmut       40%        N/A       24%         4
d - Blade Hands           Tmut           29%        N/A       13%         5
e - Statue Form           Tmut/Erth      22%        N/A       94%         6

Your spell library contained the following spells:

 Spells                   Type           Power      Damage    Failure   Level
 Wereblood                Tmut           59%        N/A       4%          2
 Sting                    Tmut/Pois      100%       1d8       11%         1
 Passwall                 Tmut/Erth      27%        N/A       14%         2
 Petrify                  Tmut/Erth      33%        N/A       36%         4
 Frozen Ramparts          Ice            34%        1d5       43%         3
 Animate Skeleton         Necr           4%         N/A       56%         1
 Apportation              Tloc           4%         N/A       56%         1
 Sandblast                Erth           4%         2d4       56%         1
 Summon Small Mammal      Summ           8%         N/A       56%         1
 Poisonous Vapours        Pois/Air       12%        N/A       56%         2
 Irradiate                Conj/Tmut      16%        3d18      56%         5
 Dragon Form              Tmut           29%        N/A       61%         7
 Dazzling Flash           Conj/Hex       4%         N/A       83%         3
 Portal Projectile        Hex/Tloc       4%         N/A       83%         3
 Stone Arrow              Conj/Erth      4%         3d7       83%         3
 Hailstorm                Conj/Ice       10%        3d5       90%         4
 Olgreb's Toxic Radiance  Pois           10%        N/A       90%         4
 Summon Ice Beast         Ice/Summ       10%        N/A       90%         4
 Animate Dead             Necr           1%         N/A       98%         4
 Iskenderun's Mystic Bla  Conj/Tloc      2%         2d3       98%         4
 Freezing Cloud           Conj/Ice/Air   3%         6-21      99%         5
 Metabolic Englaciation   Hex/Ice        5%         N/A       99%         5
 Borgnjor's Vile Clutch   Necr/Erth      1%         N/A       100%        5
 Excruciating Wounds      Necr           1%         N/A       100%        5
 Death Channel            Necr           1%         N/A       100%        6
 Iron Shot                Conj/Erth      1%         9d1       100%        6
 Simulacrum               Ice/Necr       5%         N/A       100%        6
 Starburst                Conj/Fire      1%         6d3       100%        6
 Polar Vortex             Ice            8%         N/A       100%        9
 Animate Armour           Summ/Erth      Unusable   N/A       N/A         4

Dungeon Overview and Level Annotations

Branches:
Dungeon (12/15)            Temple (1/1) D:6            Lair (6/6) D:8
  Swamp (0/4) Lair:2        Snake (0/4) Lair:2        Slime (0/5) Lair:6
    Orc (0/2) D:11          IceCv (visited)

Altars:
Ashenzari
Cheibriados
Dithmenos
Elyvilon
Fedhas
Gozag
Hepliaklqana
Kikubaaqudgha
Makhleb
Nemelex Xobeh
Okawaru
Qazlal
Ru
Sif Muna
Trog
Uskayaw
Vehumet
Wu Jian
Xom
Yredelemnul
Zin
The Shining One
Beogh
Lugonu

Portals:
Abyss: Lair:6

Annotations:
D:3 1 runed translucent door, tilp's ghost, amateur GnWz
D:12 Kirke; Rupert
Lair:1 3 runed translucent doors, jujucrawl's ghost, journeyman DgFE
Lair:4 exclusion: oklob plant
Lair:6 2 transporters, exclusion: 2 oklob plants, Gwenloh's ghost, journeyman MiGl


Innate Abilities, Weirdness & Mutations

You have blades for hands.
Your spellcasting is less reliable in this form.
You are incapable of wielding weapons or throwing items.
You can breathe blasts of fire.
Your fiery red scales are hard. (AC +9)
You cannot fit into any form of body armour.
You are clumsy. (Dex -2)
Your flesh is heat resistant. (rF+)
You are cold-blooded and may be slowed by cold attacks.
You cannot be stealthy.


Message History

Things that are here:
a +0 giant club; a +0 giant club No target in view!
No target in view!
v - 4 potions of invisibility (gained 1) Rupert the Wild comes into view.
He is wielding a +4 vorpal great mace.
Rupert shouts!
Rupert roars madly and goes into a rage!
Rupert goes berserk!
Rupert is nearby!
Rupert is nearby!
Rupert is nearby!
Casting: Blade Hands (dangerous; 13% risk of failure)
Confirm with . or Enter, or press ? or * to list all spells.
You extend your transformation's duration.
Rupert hits you with a +4 vorpal great mace!!
You slash Rupert!
Rupert is lightly wounded.
Rupert hits you with a +4 vorpal great mace!
You slash Rupert!
Rupert is lightly wounded.
Rupert hits you with a +4 vorpal great mace!
You are too injured to fight recklessly!
You are too injured to fight recklessly!
You are too injured to fight recklessly!
You are too injured to fight recklessly!
You slice Rupert!!
Rupert is moderately wounded.
Rupert is stunned by your conviction and fails to attack.
You hit Rupert.
Your tail-slap misses Rupert.
Rupert is moderately wounded.
Rupert hits you with a +4 vorpal great mace!
You slice Rupert!!
Rupert is heavily wounded.
Rupert hits you with a +4 vorpal great mace!
* * * LOW HITPOINT WARNING * * *
x2 You shred Rupert!!!
Rupert is severely wounded.
Rupert hits you with a +4 vorpal great mace!!
You die...

##........#.#####.######
........................
##.###.#.##.####.#######
.. ........# #.#
##.##########.#### ...
#......# ##. ###.#.##.#
#...#.##.# #.#.@.##.#
#..@####.# ##.. #.# #..
..# ##. ### #. #. #.


You could see Rupert (berserk).

Vanquished Creatures
  Gastronok (D:12)
  An ice dragon (Lair:5)
  2 ironbound frosthearts (IceCv)
  4 boulder beetles
  5 hydras
  14 death yaks
  4 two-headed ogres
  A shock serpent (shapeshifter) (Lair:6)
  3 thrashing horrors (Lair:6)
  Sonja (Lair:4)
  A harpy (shapeshifter) (Lair:6)
  2 ugly things
  2 cyclopes
  A manticore (D:11)
  A will-o-the-wisp (Lair:2)
  An ice statue (IceCv)
  8 elephants
  2 smoke demons (Lair:6)
  6 black mambas
  A torpor snail (Lair:5)
  3 centaur zombies
  Psyche (D:12)
  10 cane toads
  5 rime drakes
  10 komodo dragons
  An ancient zyme (Lair:6)
  A troll (D:11)
  3 slime creatures (D:12)
  15 polar bears
  3 hornets
  14 dream sheep
  21 blink frogs
  3 shadows
  2 vampires
  Sigmund (D:4)
  2 spriggans (Lair:6)
  51 yaks
  13 small abominations (Lair:6)
  2 wraiths (D:12)
  3 ynoxinuls (Lair:6)
  4 wyverns
  5 hogs (D:12)
  6 basilisks
  A steam dragon (D:5)
  A chaos spawn (Lair:6)
  2 large abominations (Lair:6)
  3 acid dragons
  19 water moccasins
  A water moccasin (shapeshifter) (Lair:6)
  Duvessa (D:4)
  A swamp drake (D:11)
  A sky beast (D:5)
  A black bear (D:7)
  8 orc warriors
  A necrophage (D:8)
  An ice beast (D:8)
  7 ogres
  47 wolves
  A phantom (D:4)
  4 centaurs
  2 kobold brigands
  15 bullfrogs
  A scorpion (D:5)
  Dowan (D:4)
  A water moccasin skeleton (D:7)
  14 killer bees
  7 howler monkeys
  4 wights (D:9)
  2 jellies (D:6)
  2 hounds
  12 orc priests
  A bullfrog skeleton (D:7)
  22 orc wizards
  A hound zombie (D:5)
  A howler monkey skeleton (D:7)
  3 adders
  A shadow imp (D:5)
  An adder skeleton (D:5)
  A worm (D:4)
  5 dart slugs
  61 orcs
  4 endoplasms
  4 giant cockroaches
  11 goblins
  5 hobgoblins
  8 kobolds
  2 quokkas
  2 ball pythons (D:1)
  8 bats
  3 frilled lizards
  7 rats
552 creatures vanquished.

Vanquished Creatures (others)
  A polar bear (IceCv)
  An orc warrior (D:11)
  4 foxfires (Lair:2)
  17 fungi
  36 plants
59 creatures vanquished.

Grand Total: 611 creatures vanquished

Notes
Turn   | Place    | Note
-------+----------+-------------------------------------------
     0 | D:1      | kae the Draconian Transmuter began the quest for the Orb.
     0 | D:1      | Reached XP level 1. HP: 16/16 MP: 3/3
    88 | D:1      | Found a faded altar of an unknown god.
   114 | D:1      | Reached XP level 2. HP: 23/23 MP: 3/5
  1312 | D:2      | Reached XP level 3. HP: 29/29 MP: 4/6
  1316 | D:2      | Learned a level 3 spell: Spider Form
  2011 | D:3      | Found a runed translucent door.
  2011 | D:3      | Noticed tilp's ghost (amateur GnWz)
  2145 | D:3      | Reached skill level 1 in Poison Magic
  2396 | D:3      | Reached XP level 4. HP: 36/36 MP: 5/7
  2445 | D:3      | Noticed an ogre
  2555 | D:3      | Killed an ogre
  2556 | D:3      | Reached XP level 5. HP: 42/42 MP: 5/8
  2570 | D:3      | Learned a level 4 spell: Ice Form
  2730 | D:4      | Noticed a phantom
  2743 | D:4      | Killed a phantom
  2744 | D:4      | Reached skill level 1 in Ice Magic
  2803 | D:4      | Reached XP level 6. HP: 39/50 MP: 6/9
  2868 | D:4      | Noticed Sigmund
  3407 | D:4      | Noticed Duvessa
  3609 | D:4      | Noticed Dowan
  3640 | D:5      | Entered Level 5 of the Dungeon
  3736 | D:5      | Reached skill level 5 in Unarmed Combat
  3826 | D:5      | Found a runed translucent door.
  3972 | D:5      | Noticed a sky beast
  3987 | D:5      | Killed a sky beast
  3988 | D:5      | Your scales start taking on a fiery red colour.
  3988 | D:5      | Reached XP level 7. HP: 57/57 MP: 7/10
  3988 | D:5      | Gained mutation: Your flesh is heat resistant. (rF+) [Red
                  | Draconian growth]
  4139 | D:5      | Found Zin's Purification Station.
  4142 | D:5      | Noticed a steam dragon
  4143 | D:5      | Found a glowing silver altar of Zin.
  4146 | D:5      | Bought a potion of curing for 90 gold pieces
  4388 | D:5      | Reached skill level 5 in Transmutations
  4405 | D:5      | Killed a steam dragon
  4406 | D:5      | Reached XP level 8. HP: 63/66 MP: 11/11
  4850 | D:4      | Identified a scroll of acquirement
  4850 | D:4      | Acquired 625 gold pieces
  5078 | D:4      | Killed Sigmund
  5177 | D:4      | Killed Duvessa
  5183 | D:4      | Killed Dowan
  5529 | D:6      | Reached skill level 5 in Fighting
  5539 | D:6      | Reached XP level 9. HP: 74/74 MP: 8/12
  5908 | D:6      | Found a staircase to the Ecumenical Temple.
  6341 | Temple   | Entered the Ecumenical Temple
  6587 | Temple   | Became a worshipper of Ru the Awakened
  7029 | D:7      | Reached XP level 10. HP: 84/84 MP: 9/13
  7359 | D:8      | Found a staircase to the Lair.
  7717 | D:8      | Gained mutation: You are clumsy. (Dex -2) [Ru sacrifice]
  8375 | D:9      | Reached skill level 10 in Unarmed Combat
  8709 | D:9      | Reached skill level 10 in Transmutations
  8846 | D:9      | Noticed a two-headed ogre
  8858 | D:9      | Killed a two-headed ogre
  8895 | D:9      | Noticed a two-headed ogre
  8909 | D:9      | Killed a two-headed ogre
  8910 | D:9      | Reached XP level 11. HP: 71/94 MP: 9/14
  9008 | D:9      | Noticed a centaur warrior
  9008 | D:9      | Noticed a boulder beetle
  9008 | D:9      | Noticed a brown ugly thing
  9009 | D:9      | Noticed a cyan ugly thing
  9011 | D:9      | Noticed a two-headed ogre
  9053 | D:9      | Noticed a centaur warrior
  9306 | D:9      | Noticed a sea snake
  9340 | D:10     | Entered Level 10 of the Dungeon
 10148 | Lair:1   | Entered Level 1 of the Lair of Beasts
 10169 | Lair:1   | Gained mutation: You cannot be stealthy. [Ru sacrifice]
 10169 | Lair:1   | Reached * piety under Ru
 10764 | Lair:1   | Found a runed translucent gate.
 10764 | Lair:1   | Found a runed translucent gate.
 10764 | Lair:1   | Found a runed translucent gate.
 10771 | Lair:1   | Noticed a 12-headed hydra
 10771 | Lair:1   | Noticed jujucrawl's ghost (journeyman DgFE)
 11123 | Lair:1   | Noticed an eight-headed hydra
 11128 | Lair:1   | Killed an eight-headed hydra
 11432 | Lair:2   | Reached XP level 12. HP: 72/104 MP: 13/15
 11505 | Lair:2   | Learned a level 5 spell: Blade Hands
 11667 | Lair:2   | Found a staircase to the Snake Pit.
 11791 | Lair:2   | Found a staircase to the Swamp.
 12284 | Lair:3   | Noticed a six-headed hydra
 12354 | Lair:3   | Killed a six-headed hydra
 12946 | Lair:3   | Noticed a death yak
 12946 | Lair:3   | Noticed a death yak
 12947 | Lair:3   | Noticed a death yak
 12948 | Lair:3   | Noticed a death yak
 12948 | Lair:3   | Noticed a death yak
 12959 | Lair:3   | Killed a death yak
 12964 | Lair:3   | Killed a death yak
 12969 | Lair:3   | Killed a death yak
 12974 | Lair:3   | Killed a death yak
 12975 | Lair:3   | Reached skill level 10 in Fighting
 12980 | Lair:3   | Killed a death yak
 14034 | Lair:4   | Reached skill level 5 in Dodging
 14169 | Lair:4   | Noticed Sonja
 14340 | Lair:4   | Reached XP level 13. HP: 108/114 MP: 12/16
 14351 | Lair:4   | Killed Sonja
 15425 | Lair:5   | Found a frozen archway.
 15491 | IceCv    | Entered an ice cave
 16206 | IceCv    | Reached XP level 14. HP: 79/124 MP: 5/17
 16221 | IceCv    | Reached skill level 15 in Unarmed Combat
 16573 | Lair:5   | Identified the +7 whip "Larr" {vorpal, Str+3 Int+2 Dex-3}
 16983 | Lair:6   | Entered Level 6 of the Lair of Beasts
 17471 | Lair:6   | Reached skill level 15 in Transmutations
 17565 | Lair:6   | Found a staircase to the Slime Pits.
 17884 | Lair:6   | Found a transporter.
 17889 | Lair:6   | Noticed Gwenloh's ghost (journeyman MiGl)
 18765 | Lair:6   | Found a corrupted altar of Lugonu.
 18765 | Lair:6   | Found a one-way gate to the infinite horrors of the Abyss.
 18964 | Lair:6   | Found a transporter.
 20302 | D:11     | Found a staircase to the Orcish Mines.
 20611 | D:12     | Noticed Psyche
 20611 | D:12     | Noticed Gastronok
 20613 | D:12     | Noticed Kirke
 20620 | D:12     | Killed Psyche
 20734 | D:12     | Killed Gastronok
 20941 | D:12     | Reached XP level 15. HP: 133/134 MP: 13/19
 20952 | D:12     | Learned a level 6 spell: Statue Form
 20990 | D:12     | Identified the amulet "Fotoced" {RegenMP Will+ Slay+3}
 21240 | D:12     | Noticed Rupert
 21248 | D:12     | Slain by Rupert

Illustrated notes

Levels and vault maps discovered:
D:1:      dpeg_arrival_court, layout_basic, hellmonk_ecumenical_altar_run_dry
D:2:      layout_basic
D:3:      layout_basic, hellmonk_ghost_happy_afterlife, dk_noncrumbling_3,
          minmay_misc_feat_tiny, corexii_item_surrounded_by_moat,
          minmay_ogre_servants
D:4:      layout_layer_cave, uniq_sigmund, uniq_duvessa
D:5:      layout_rooms, zin_purify, lightli_church_of_beogh
D:6:      layout_basic, minmay_temple_entry_statues,
          minmay_a_box_with_orc_wizards_in_it
D:7:      layout_rooms, grunt_ministairs_3
D:8:      layout_basic, lair_entry_dummy
D:9:      layout_long_grid, minivault_12
D:10:     layout_long_grid
D:11:     layout_basic, erik_orc_1
D:12:     layout_loops_cross, enter_trove_6, uniq_gastronok, uniq_rupert,
          uniq_kirke, uniq_psyche
Temple:   nicolae_temple_the_god_donut
Lair:1:   cheibrodos_lair_river_kwai, layout_regular_city,
          gammafunk_ghost_hydra_chop, grunt_megastairs_4
Lair:2:   layout_chaotic_city, minmay_swamp_entry_wisps,
          guppyfry_snake_entry_island, lemuel_fruit_fields
Lair:3:   beast_lair_carwin_large_2, layout_cave_pods, grunt_megastairs_3
Lair:4:   layout_regular_city, enter_volcano_2, uniq_sonja
Lair:5:   layout_hall_layers, portal_ice_cave_entry_animals_and_master
Lair:6:   hellmonk_lair_end_abyssal_woods, layout_regular_city,
          minmay_slime_entry_oklob_enclosed, nzn_ghost_randoct

Skill      XL: |  1  2  3  4  5  6  7  8  9 10 11 12 13 14 15 |
---------------+----------------------------------------------+-----
Fighting       | 2 3 5 6 7 9 10 11 12 | 12.4
Poison Magic   | 1 2 |  2.0
Unarmed Combat | 4 5 6 7 9 10 12 13 14 16 | 16.2
Transmutations | 3 4 5 6 8 10 11 13 14 15 16 | 16.0
Ice Magic      | 1 2 3 4 |  4.0
Dodging        | 3 5 6 7 |  7.9
Spellcasting   | |  2.8

Action                   |  1- 3 |  4- 6 |  7- 9 | 10-12 | 13-15 || total
-------------------------+-------+-------+-------+-------+-------++-------
Melee: Unarmed           |    90 |    89 |   246 |   529 |   703 ||  1657
       Kick              |    20 |     4 |     7 |       |       ||    31
       Headbutt          |    12 |     1 |     5 |       |       ||    18
       Tailslap          |     9 |     2 |    12 |    12 |    67 ||   102
       Punch             |       |     1 |     2 |    11 |    39 ||    53
 Cast: Beastly Appendage |    35 |     5 |     4 |       |       ||    44
       Spider Form       |       |     6 |     3 |       |       ||     9
       Ice Form          |       |       |    20 |    32 |     5 ||    57
       Blade Hands       |       |       |       |    23 |    66 ||    89
Invok: Sacrifice Purity  |       |       |       |     1 |       ||     1
       Sacrifice Stealth |       |       |       |     1 |       ||     1
       Reject Sacrifices |       |       |       |     1 |     1 ||     2
 Abil: Breathe Fire      |       |       |     9 |    11 |    10 ||    30
Evoke: Wand              |       |       |       |       |     3 ||     3
  Use: Scroll            |     3 |       |    12 |    14 |     3 ||    32
       Potion            |       |       |       |       |     1 ||     1
 Stab: Paralysed         |       |       |       |       |     9 ||     9
Armor: Skin              |    29 |    21 |   135 |   239 |   252 ||   676
Dodge: Dodged            |    68 |    64 |   111 |   257 |   446 ||   946

Table legend: (Time is in decaauts)
 A = Elapsed time spent in this place.
 B = Non-inter-level travel time spent in this place.
 C = Inter-level travel time spent in this place.
 D = Time resting spent in this place.
 E = Time spent auto-exploring this place.
 F = Levels seen in this place.
 G = Mean time per level.
                   A        B        C        D        E       F      G
               +--------+--------+--------+--------+--------+-----+--------+
         Total |  20925 |  19632 |   1293 |    319 |  15613 |  20 | 1046.2 |
       Dungeon |  11680 |  11062 |    618 |    162 |   8831 |  12 |  973.3 |
        Temple |    257 |    236 |     21 |      0 |    219 |   1 |  257.0 |
          Lair |   8006 |   7353 |    653 |     98 |   5894 |   6 | 1334.3 |
      Ice Cave |    980 |    980 |      0 |     58 |    668 |   1 |  980.0 |
               +--------+--------+--------+--------+--------+-----+--------+

Top non-repeatable levels by time:
  Lair:6: 1742 daAuts
  Lair:4: 1476 daAuts
     D:4: 1377 daAuts
  Lair:1: 1375 daAuts
  Lair:3: 1360 daAuts
     D:5: 1257 daAuts
  Lair:5: 1155 daAuts
     D:9: 1101 daAuts
     D:6: 1042 daAuts
     D:8: 1033 daAuts
    D:11: 1011 daAuts
     D:1: 1005 daAuts
   IceCv: 980 daAuts
  Lair:2: 895 daAuts
     D:3: 854 daAuts
